 Dungeon Crawl Stone Soup version 0.30-a0-23-ge60ba35 (webtiles) character file.

Game seed: 14939305995540655469

109214 smazza the Alchemist (level 16, -7/148 HPs)
             Began as a Merfolk Transmuter on Aug 22, 2022.
             Was the Champion of Okawaru.
             Mangled by an entropy weaver (11 damage)
             ... on level 1 of the Spider Nest on Aug 24, 2022.
             The game lasted 02:42:13 (39153 turns).

smazza the Alchemist (Merfolk Transmuter)          Turns: 39153, Time: 02:42:14

Health: -7/148     AC:  3    Str: 11    XL:     16   Next: 51%
Magic:  30/30      EV: 18    Int: 21    God:    Okawaru [******]
Gold:   540        SH:  5    Dex: 22    Spells: 10/30 levels left

rFire   x . .      SeeInvis +      - Unarmed
rCold   + + +      Faith    .    (shield currently unavailable)
rNeg    . . .      Spirit   .    (body armour currently unavailable)
rPois   +          Reflect  +    (helmet currently unavailable)
rElec   .          Harm     .    (cloak currently unavailable)
rCorr   .          Rampage  .    (gloves currently unavailable)
Will    ++...                    (boots currently unavailable)
Stlth   ++++......               N - amulet of reflection
HPRegen 0.34/turn                I - ring of willpower
MPRegen 0.22/turn                K - ring "Wuroryoc" {Int+3 Dex+4 Slay+4}

@: about to teleport, ice-form (expiring), corroded
A: freezing attack, boosted hp, large, (nimble swimmer 2), (mertail), (horns 1),
thin skeletal structure 1, see invisible, high MP 1
a: End Transformation, Renounce Religion, Heroism, Finesse, Duel


You were on level 1 of the Spider Nest.
You worshipped Okawaru.
Okawaru was exalted by your worship.
You were a creature of crystalline ice.
You visited 6 branches of the dungeon, and saw 27 of its levels.
You also visited: Gauntlet.

You collected 2471 gold pieces.
You spent 1931 gold pieces at shops.

Inventory:

Hand Weapons
 r - a +0 dagger
 z - the +10 quarterstaff "Iloeschooko" {flame, rF++ Int+5}
   (You found it on level 7 of the Dungeon)

   It burns those it strikes, dealing additional fire damage.
   Int:       It affects your intelligence (+5).
   rF:        It greatly protects you from fire.
 Z - a +3 demon trident of electrocution
Missiles
 l - 9 silver javelins
 B - 4 throwing nets
 H - 9 boomerangs
 U - 6 silver boomerangs
Armour
 h - the +2 cloak of the Thief (melded) {*Fog Slay-2 SInv Stlth+}
   (You found it in a Gauntlet)

   It may release a thick cloud of smoke when the wearer is hurt.
   Slay:      It affects your accuracy & damage with ranged weapons and melee
   (-2).
   SInv:      It lets you see invisible.
   Stlth:     It makes you more stealthy.
 s - the -1 pair of boots of the Circus Animal {Harm rElec rF+++ Stlth-}
   (Okawaru gifted it to you on level 2 of the Shoals)

   rF:        It renders you almost immune to fire.
   rElec:     It insulates you from electricity.
   Harm:      It increases damage dealt and taken.
   Stlth:     It makes you less stealthy.
 v - +4 acid dragon scales (melded)
 M - the +2 pair of gloves of Liberalism {rElec rPois Str+3 Int-5}
   (You found it on level 5 of the Lair of Beasts)

   Str:       It affects your strength (+3).
   Int:       It affects your intelligence (-5).
   rElec:     It insulates you from electricity.
   rPois:     It protects you from poison.
 S - the +2 pair of gloves "Uprufe" {Regen+}
   (Okawaru gifted it to you on level 13 of the Dungeon)

   Regen:     It increases your rate of health regeneration.
 V - the +0 pair of gloves of the Shifting Gods (melded) {Rampage rF+ Will+ Dex+2}
   (You found it on level 13 of the Dungeon)

   Dex:       It affects your dexterity (+2).
   rF:        It protects you from fire.
   Rampage:   It bestows one free step when moving towards enemies.
   Will:      It increases your willpower.
Jewellery
 d - the amulet of Poub {Acrobat Dex+3}
   (You found it in a Gauntlet)

   [amulet of the acrobat]

   It increases your evasion while moving and waiting.
   Dex:       It affects your dexterity (+3).
 g - a ring of ice
 j - a +6 ring of strength
 x - a ring of positive energy
 A - an amulet of magic regeneration
 F - a +4 ring of protection
 I - a ring of willpower (left front paw)
 K - the ring "Wuroryoc" (right front paw) {Int+3 Dex+4 Slay+4}
   (You found it on level 2 of the Lair of Beasts)

   [ring of slaying]

   Int:       It affects your intelligence (+3).
   Dex:       It affects your dexterity (+4).
   Slay:      It affects your accuracy & damage with ranged weapons and melee
   (+4).
 L - a +6 ring of dexterity
 N - an amulet of reflection (around neck)
 O - a ring of protection from cold
 P - a ring of protection from fire
 Y - a ring of willpower
Wands
 e - a wand of paralysis (15)
 u - a wand of digging (12)
 w - a wand of light (17)
 C - a wand of iceblast (38)
 E - a wand of mindburst (19)
 W - a wand of flame (13)
Scrolls
 a - 4 scrolls of blinking
 c - 11 scrolls of identify
 t - a scroll of amnesia
 y - 14 scrolls of teleportation
 G - a scroll of magic mapping
Potions
 b - 7 potions of lignification
 f - 8 potions of brilliance
 i - 5 potions of flight
 m - 2 potions of heal wounds
 n - 5 potions of haste
 o - 3 potions of mutation
 p - 4 potions of might
 q - 13 potions of ambrosia
 D - a potion of berserk rage
 J - 4 potions of curing
 R - a potion of attraction
 T - 2 potions of cancellation
 X - a potion of invisibility
Miscellaneous
 k - a phial of floods
 Q - a phantom mirror


   Skills:
 + Level 10.8 Fighting
 + Level 6.8 Armour
 + Level 12.0 Dodging
 - Level 5.0 Stealth
 * Level 16.1 Unarmed Combat
 + Level 7.9 Spellcasting
 * Level 2.9 Conjurations
 * Level 18.0 Transmutations
 - Level 5.0 Ice Magic
 - Level 4.0 Poison Magic
 + Level 8.9 Invocations
 - Level 4.0 Evocations


You had 10 spell levels left.
You knew the following spells:

 Your Spells              Type           Power      Damage    Failure   Level
a - Beastly Appendage     Tmut           100%       N/A       0%          1
b - Wereblood             Tmut           71%        N/A       0%          2
c - Spider Form           Tmut/Pois      53%        N/A       1%          3
d - Ice Form              Ice/Tmut       54%        N/A       1%          4
e - Blade Hands           Tmut           35%        N/A       1%          5
f - Irradiate             Conj/Tmut      25%        3d20      3%          5

Your spell library contained the following spells:

 Spells                   Type           Power      Damage    Failure   Level
 Petrify                  Tmut/Erth      46%        N/A       1%          4
 Scorch                   Fire           16%        2d5       12%         2
 Sublimation of Blood     Necr           8%         N/A       12%         2
 Portal Projectile        Hex/Tloc       16%        N/A       24%         3
 Flame Wave               Conj/Fire      14%        2d6       41%         4
 Anguish                  Hex/Necr       4%         N/A       63%         4
 Leda's Liquefaction      Hex/Erth       4%         N/A       63%         4
 Passage of Golubria      Tloc           8%         N/A       63%         4
 Silence                  Hex/Air        4%         N/A       92%         5
 Enfeeble                 Hex            4%         N/A       100%        7
 Lehudib's Crystal Spear  Conj/Erth      7%         10d3      100%        8
 Call Canine Familiar     Summ           Unusable   N/A       N/A         3
 Tukima's Dance           Hex            Unusable   N/A       N/A         3
 Summon Cactus Giant      Summ           Unusable   N/A       N/A         6

Dungeon Overview and Level Annotations

Branches:
Dungeon (15/15)            Temple (1/1) D:4            Lair (5/5) D:8
 Shoals (3/4) Lair:3       Spider (1/4) Lair:3        Slime (0/5) Lair:5
    Orc (2/2) D:9             Elf (0/3) Orc:2        Vaults (0/5) D:14
Gauntlet (visited)
 Depths: D:15

Altars:
Ashenzari
Cheibriados
Dithmenos
Elyvilon
Fedhas
Gozag
Hepliaklqana
Kikubaaqudgha
Makhleb
Nemelex Xobeh
Okawaru
Qazlal
Ru
Sif Muna
Trog
Uskayaw
Vehumet
Wu Jian
Xom
Yredelemnul
Zin
The Shining One
Jiyva

Shops:
D:6 *   D:14 =   Orc:2 *[*=(   Shoals:3 *

Annotations:
D:3 Grinder
D:10 1 runed translucent door, porkupine's ghost, journeyman DsNe
Lair:2 exclusion: downstairs
Lair:3 exclusion: downstairs
Shoals:2 2 runed translucent doors, omnom's ghost, adept KoEn
Shoals:3 1 runed translucent door, Lyxom's ghost, adept TrFi


Innate Abilities, Weirdness & Mutations

You are a creature of crystalline ice.
You have a powerful freezing melee attack.
Your maximum health is increased.
Your armour is entirely melded.
You are incapable of wielding weapons or throwing items.
((You are very nimble when in or above water. (Stealth+, EV+, Speed+++)))
((Your lower body shifts to a powerful aquatic tail in water.))
((You have a pair of small horns on your head.))
You have a somewhat thin skeletal structure. (Dex +2, Stealth+)
You have supernaturally acute eyesight. (SInv)
You have an increased reservoir of magic. (+10% MP)


Message History

The entropy weaver barely misses you.
You punch the entropy weaver! You freeze the entropy weaver.
The entropy weaver is almost dead.
The entropy weaver gestures at you while chanting.
The entropic weave corrodes you! The entropy weaver hits you!
The entropy weaver closely misses you. x2
The entropy weaver hits you but does no damage.
You pummel the entropy weaver!! You freeze the entropy weaver.
You kill the entropy weaver!
Okawaru accepts your kill.
Your Dodging skill increases to level 12!
You closely miss the entropy weaver. The entropy weaver hits you! x3
The entropy weaver barely misses you. The redback closely misses you.
You barely miss the entropy weaver.
Your transformation is almost over.
The redback bites you! You block the entropy weaver's attack.
The entropy weaver hits you!
The entropy weaver hits you but does no damage.
You block the entropy weaver's attack.
You hit the entropy weaver. You freeze the entropy weaver.
The entropy weaver is lightly wounded.
The redback bites you! The entropy weaver hits you! x2
* * * LOW HITPOINT WARNING * * *
The entropy weaver hits you.
* * * LOW HITPOINT WARNING * * *
The entropy weaver closely misses you.
You feel much better. The redback bites you!
* * * LOW HITPOINT WARNING * * *
The entropy weaver hits you!
* * * LOW HITPOINT WARNING * * *
The entropy weaver hits you.
* * * LOW HITPOINT WARNING * * *
You block the entropy weaver's attack. The entropy weaver hits you!
* * * LOW HITPOINT WARNING * * *
The redback closely misses you.
As you read the scroll of teleportation, it crumbles to dust.
You feel strangely unstable. The entropy weaver hits you!
* * * LOW HITPOINT WARNING * * *
You block the entropy weaver's attack. The entropy weaver hits you!
You die...

.###.........##.#
..#.........#..[
...........†.#.#
.............#.#
.............[#
...........B.##
........ss..## ...
#.......B##.### ...
.......ssY.##.## ...
##..######.....## #.
#.######### ###........###..
#.#....##.###...........#.#
#.........##.............#
#.........##.............##
#.........##..............##
...........#......##.......#
............#######.....##..


You could see an entropy weaver and 3 redbacks.

Vanquished Creatures
  An orc warlord (Orc:2)
  A cacodemon (Gauntlet)
  A minotaur (Gauntlet)
  An entropy weaver (Spider:1)
  2 merfolk impalers
  Harold (D:9)
  5 boulder beetles
  An ice dragon (D:12)
  6 hydras
  2 catoblepae (Lair:5)
  2 two-headed ogres
  An alligator snapping turtle (Shoals:3)
  5 merfolk avatars
  2 dancing weapons (D:14)
  2 centaur warriors
  A satyr (Shoals:2)
  10 death yaks
  A deep troll shaman (Lair:5)
  Urug (D:12)
  3 orc high priests (Orc:2)
  Nergalle (Lair:2)
  2 skeletal warriors
  7 sea snakes
  A steelbarb worm (Spider:1)
  Pikel (D:9)
  3 lindwurms
  4 orc knights
  4 harpies (Shoals:2)
  7 orc sorcerers
  A deep elf pyromancer (D:13)
  6 ugly things
  5 cyclopes
  16 manticores
  10 fauns
  2 merfolk sirens
  A guardian serpent (shapeshifter) (D:14)
  10 elephants
  A black mamba (Lair:5)
  2 water nymphs
  An unseen horror (D:12)
  A gargoyle (D:13)
  A demonic crawler (Spider:1)
  16 cane toads
  An efreet (D:14)
  A rime drake (Lair:4)
  9 komodo dragons
  A meliai (D:12)
  2 queen bees
  2 trolls
  2 polar bears (Lair:5)
  4 wind drakes
  A tarantella (Spider:1)
  14 merfolk
  A blink frog (Lair:2)
  18 slime creatures
  Prince Ribbit (D:9)
  4 snapping turtles
  2 dream sheep
  8 shadows
  4 flying skulls (Gauntlet)
  A water elemental (Shoals:3)
  46 yaks
  3 wraiths
  2 redbacks (Lair:3)
  5 wyverns
  A steam dragon (Lair:3)
  8 basilisks
  14 vampire mosquitoes
  3 acid dragons
  17 water moccasins
  A warg (Orc:2)
  An ice beast (D:6)
  34 orc warriors
  3 ogres
  A black bear (Lair:2)
  19 wolves
  2 centaurs
  A phantom (D:5)
  4 lemures (D:9)
  4 kobold brigands
  12 bullfrogs
  2 necrophages
  2 two-headed ogre simulacra (Orc:1)
  A scorpion (D:4)
  3 wights (D:9)
  56 killer bees
  An elephant simulacrum (Orc:1)
  7 jellies
  3 howler monkeys (D:8)
  5 electric eels
  A gnoll bouda (D:9)
  11 hounds
  23 orc priests
  Natasha (thrice) (D:3)
  4 iguanas
  25 orc wizards
  9 hell rats
  2 spriggan simulacra (Orc:1)
  A polar bear simulacrum (Orc:1)
  A troll simulacrum (Orc:1)
  12 gnolls
  4 adders
  A naga simulacrum (Orc:1)
  A shadow imp (D:7)
  3 white imps
  2 ufetubi
  A worm (D:2)
  3 dart slugs
  65 orcs
  A bat (D:3)
  9 endoplasms
  5 giant cockroaches
  10 goblins
  8 hobgoblins
  4 jackals (D:3)
  4 quokkas
  5 ball pythons
  2 frilled lizards
  25 kobolds
  3 rats
  A butterfly (Lair:5)
738 creatures vanquished.

Vanquished Creatures (others)
  A deep elf pyromancer (D:14)
  An orc priest (Orc:2)
  19 demonic plants (Gauntlet)
  38 fungi
  72 plants
131 creatures vanquished.

Grand Total: 869 creatures vanquished

Notes
Turn   | Place    | Note
-------+----------+-------------------------------------------
     0 | D:1      | smazza the Merfolk Transmuter began the quest for the Orb.
     0 | D:1      | Reached XP level 1. HP: 15/15 MP: 3/3
   329 | D:1      | Reached skill level 3 in Transmutations
   345 | D:1      | Reached XP level 2. HP: 21/21 MP: 3/5
   512 | D:1      | Learned a level 2 spell: Wereblood
  1379 | D:1      | Reached XP level 3. HP: 22/26 MP: 4/6
  1383 | D:1      | Learned a level 3 spell: Spider Form
  2129 | D:2      | Found a faded altar of an unknown god.
  2138 | D:2      | Reached skill level 1 in Poison Magic
  2259 | D:2      | Reached skill level 4 in Transmutations
  2259 | D:2      | Reached XP level 4. HP: 31/32 MP: 5/7
  2480 | D:3      | Noticed Grinder
  2691 | D:3      | Noticed Natasha
  2703 | D:3      | Killed Natasha
  2807 | D:3      | Noticed Natasha
  2820 | D:3      | Killed Natasha
  2821 | D:3      | Reached XP level 5. HP: 35/37 MP: 4/8
  3120 | D:3      | Noticed Natasha
  3128 | D:3      | Killed Natasha
  4138 | D:4      | Reached skill level 5 in Transmutations
  4138 | D:4      | Reached XP level 6. HP: 40/43 MP: 5/10
  4249 | D:4      | Reached skill level 5 in Unarmed Combat
  4392 | D:4      | Found a staircase to the Ecumenical Temple.
  4401 | Temple   | Entered the Ecumenical Temple
  4401 | Temple   | Found a transporter.
  4401 | Temple   | Found a transporter.
  4403 | Temple   | Found a transporter.
  4403 | Temple   | Found a transporter.
  5415 | D:5      | Entered Level 5 of the Dungeon
  5693 | D:5      | Reached XP level 7. HP: 48/48 MP: 4/11
  5844 | D:5      | Reached skill level 6 in Transmutations
  6009 | D:5      | Learned a level 4 spell: Ice Form
  6122 | D:5      | Reached skill level 1 in Ice Magic
  6122 | D:5      | Reached XP level 8. HP: 54/54 MP: 10/13
  6554 | D:6      | Found Kean's Overcharged Wands.
  7087 | D:6      | Reached skill level 7 in Transmutations
  7309 | D:6      | Found an iron altar of Okawaru.
  7313 | D:6      | Became a worshipper of Warmaster Okawaru
  7319 | D:6      | Found a glowing silver altar of Zin.
  7333 | D:6      | Found an ornate altar of the Wu Jian Council.
  7354 | D:6      | Found a hide-covered altar of Uskayaw.
  8533 | D:7      | Reached skill level 8 in Transmutations
  8543 | D:7      | Reached * piety under Okawaru
  8645 | D:7      | Reached XP level 9. HP: 63/63 MP: 10/15
  8897 | D:7      | Identified the +10 quarterstaff "Iloeschooko" {flame, rF++
                  | Int+5}
  9366 | D:8      | Noticed a troll
  9380 | D:7      | Killed a troll
  9380 | D:7      | Reached ** piety under Okawaru
  9381 | D:7      | Reached skill level 9 in Transmutations
  9594 | D:8      | Found a staircase to the Lair.
 10204 | D:8      | Learned a level 5 spell: Blade Hands
 11052 | D:8      | Reached skill level 5 in Spellcasting
 11052 | D:8      | Reached XP level 10. HP: 71/73 MP: 17/17
 11065 | D:8      | Reached skill level 10 in Transmutations
 11116 | D:9      | Noticed Harold
 11129 | D:9      | Killed Harold
 11129 | D:9      | Reached *** piety under Okawaru
 11130 | D:9      | Reached skill level 1 in Armour
 11130 | D:9      | Reached skill level 5 in Ice Magic
 11136 | D:9      | Noticed Pikel
 11154 | D:9      | Killed Pikel
 11165 | D:9      | Reached **** piety under Okawaru
 11177 | D:9      | Reached skill level 5 in Fighting
 11478 | D:9      | Reached skill level 11 in Transmutations
 11688 | D:9      | Noticed Prince Ribbit
 11703 | D:9      | Killed Prince Ribbit
 12035 | D:9      | Found a staircase to the Orcish Mines.
 12249 | Lair:1   | Entered Level 1 of the Lair of Beasts
 12353 | Lair:1   | Noticed a lindwurm
 12364 | Lair:1   | Killed a lindwurm
 12365 | Lair:1   | Reached skill level 5 in Dodging
 12365 | Lair:1   | Reached skill level 10 in Unarmed Combat
 12648 | Lair:1   | Noticed a lindwurm
 12657 | Lair:1   | Killed a lindwurm
 12658 | Lair:1   | Reached XP level 11. HP: 54/80 MP: 8/19
 12821 | Lair:1   | Found a hide-covered altar of Uskayaw.
 12980 | Lair:1   | Reached ***** piety under Okawaru
 13613 | Lair:2   | Found a gate leading to a gauntlet.
 13622 | Gauntlet | Entered a Gauntlet
 13622 | Gauntlet | Found a transporter.
 13622 | Gauntlet | Found a transporter.
 13622 | Gauntlet | Found a transporter.
 13626 | Gauntlet | Found a transporter.
 13628 | Gauntlet | Found a transporter.
 13632 | Gauntlet | Noticed a glowing orange brain
 13632 | Gauntlet | Noticed a green ugly thing
 13639 | Gauntlet | Found a transporter.
 13643 | Gauntlet | Found a transporter.
 13645 | Gauntlet | Found a transporter.
 13645 | Gauntlet | Found a transporter.
 13646 | Gauntlet | Noticed a cacodemon
 13648 | Gauntlet | Found the amulet of Vitality {RegenMP++ Regen++}
 13654 | Gauntlet | Noticed a cacodemon
 13657 | Gauntlet | Found a transporter.
 13661 | Gauntlet | Found the +2 cloak of the Thief {*Fog Slay-2 SInv Stlth+}
 13848 | Gauntlet | Reached skill level 1 in Invocations
 13853 | Gauntlet | Reached skill level 12 in Transmutations
 14100 | Gauntlet | Found a transporter.
 14119 | Gauntlet | Identified the amulet of Poub {Acrobat Dex+3}
 14146 | Gauntlet | Killed a cacodemon
 14146 | Gauntlet | Received a gift from Okawaru
 14222 | Gauntlet | Found a transporter.
 14229 | Gauntlet | Noticed a minotaur
 14239 | Gauntlet | Killed a minotaur
 14976 | Lair:2   | Noticed Nergalle
 15044 | Lair:2   | Upgraded the game from 0.30-a0-6-g7c9e10e to
                  | 0.30-a0-12-gd8047c6
 15195 | Lair:2   | Killed Nergalle
 15261 | Lair:2   | Identified the +0 helmet of Lugonu's Condemnation {Int+3}
 15551 | Lair:2   | Noticed a manticore
 15572 | Lair:2   | Killed a manticore
 15572 | Lair:2   | Received a gift from Okawaru
 15574 | Lair:2   | Reached XP level 12. HP: 55/89 MP: 21/21
 16251 | Lair:2   | Received a gift from Okawaru
 16405 | Lair:2   | Identified the ring "Wuroryoc" {Int+3 Dex+4 Slay+4}
 16695 | Lair:3   | Noticed a five-headed hydra
 16878 | Lair:3   | Noticed a four-headed hydra
 16884 | Lair:3   | Killed a four-headed hydra
 17080 | Lair:3   | Reached skill level 13 in Transmutations
 17080 | Lair:3   | Reached skill level 1 in Evocations
 17132 | Lair:3   | Reached ****** piety under Okawaru
 17150 | Lair:3   | Received a gift from Okawaru
 17154 | Lair:3   | Killed a five-headed hydra
 17616 | Lair:3   | Found a staircase to the Shoals.
 17747 | Lair:3   | Found a hole to the Spider Nest.
 18081 | Lair:4   | Noticed a death yak
 18081 | Lair:4   | Noticed a death yak
 18081 | Lair:4   | Noticed a death yak
 18081 | Lair:4   | Noticed a death yak
 18081 | Lair:4   | Noticed a death yak
 18081 | Lair:4   | Noticed a death yak
 18133 | Lair:4   | You fall into a shaft and drop 1 floor!
 18133 | Lair:5   | Entered Level 5 of the Lair of Beasts
 18153 | Lair:5   | Reached XP level 13. HP: 98/98 MP: 20/23
 18170 | Lair:5   | Reached skill level 5 in Invocations
 19095 | Lair:4   | Reached skill level 14 in Transmutations
 19326 | Lair:4   | Identified the +8 glaive "Liyhewey" {chaos, *Corrode rElec
                  | Will+} (Okawaru gifted it to you on level 4 of the Lair of
                  | Beasts)
 19326 | Lair:4   | Received a gift from Okawaru
 20048 | Lair:5   | Found a staircase to the Slime Pits.
 20071 | Lair:5   | Found a viscous altar of Jiyva.
 20133 | Lair:5   | Reached skill level 5 in Armour
 20579 | Lair:5   | Received a gift from Okawaru
 20887 | Lair:5   | Reached XP level 14. HP: 71/106 MP: 19/24
 20977 | Lair:5   | Reached skill level 15 in Transmutations
 21419 | Lair:5   | Received a gift from Okawaru
 21594 | Lair:5   | Identified the +2 pair of gloves of Liberalism {rElec rPois
                  | Str+3 Int-5}
 22317 | Orc:1    | Entered Level 1 of the Orcish Mines
 22526 | Orc:1    | Reached skill level 10 in Dodging
 23068 | Orc:2    | Entered Level 2 of the Orcish Mines
 23070 | Orc:2    | Found Panukiwn's Gadget Gallery.
 23083 | Orc:2    | Found a staircase to the Elven Halls.
 23285 | Orc:2    | Received a gift from Okawaru
 23763 | Orc:2    | Noticed an orc warlord
 23775 | Orc:2    | Killed an orc warlord
 24188 | Orc:2    | Received a gift from Okawaru
 24353 | Orc:2    | Reached skill level 16 in Transmutations
 24706 | Orc:2    | Gained mutation: You are occasionally teleported next to
                  | monsters. [a neqoxec]
 25176 | Orc:2    | Found Kuwni's General Store.
 25180 | Orc:2    | Found Zaonooge's Jewellery Shop.
 25182 | Orc:2    | Found Woxo's Antique Armour Shop.
 25182 | Orc:2    | Found Teygh's Antique Weapon Boutique.
 25357 | Orc:2    | Bought a ring of protection from cold for 375 gold pieces
 25357 | Orc:2    | Bought a ring of protection from fire for 375 gold pieces
 25445 | Orc:2    | Lost mutation: You are occasionally teleported next to
                  | monsters. [potion of mutation]
 25445 | Orc:2    | Gained mutation: Your spells are a little easier to cast,
                  | but a little less powerful. [potion of mutation]
 25445 | Orc:2    | Gained mutation: You have a somewhat thin skeletal
                  | structure. (Dex +2, Stealth+) [potion of mutation]
 25446 | Orc:2    | Lost mutation: Your spells are a little easier to cast, but
                  | a little less powerful. [potion of mutation]
 25446 | Orc:2    | Lost mutation: You have a somewhat thin skeletal structure.
                  | (Dex +2, Stealth+) [potion of mutation]
 25446 | Orc:2    | Gained mutation: Your magical capacity is low. (-10% MP)
                  | [potion of mutation]
 25446 | Orc:2    | Gained mutation: Your flesh is cold resistant. (rC+)
                  | [potion of mutation]
 25446 | Orc:2    | Gained mutation: You occasionally lose the ability to read
                  | scrolls when taking damage. [potion of mutation]
 25447 | Orc:2    | Lost mutation: You occasionally lose the ability to read
                  | scrolls when taking damage. [potion of mutation]
 25447 | Orc:2    | Lost mutation: Your flesh is cold resistant. (rC+) [potion
                  | of mutation]
 25447 | Orc:2    | Lost mutation: Your magical capacity is low. (-10% MP)
                  | [potion of mutation]
 25447 | Orc:2    | Gained mutation: Your body sometimes deteriorates upon
                  | taking damage. [potion of mutation]
 25447 | Orc:2    | Gained mutation: You sometimes lose your temper in combat.
                  | [potion of mutation]
 25447 | Orc:2    | Gained mutation: You have a somewhat thin skeletal
                  | structure. (Dex +2, Stealth+) [potion of mutation]
 25448 | Orc:2    | Lost mutation: You sometimes lose your temper in combat.
                  | [potion of mutation]
 25448 | Orc:2    | Lost mutation: Your body sometimes deteriorates upon taking
                  | damage. [potion of mutation]
 25448 | Orc:2    | Gained mutation: You have a pair of small horns on your
                  | head. [potion of mutation]
 25448 | Orc:2    | Gained mutation: You have an increased reservoir of magic.
                  | (+10% MP) [potion of mutation]
 25448 | Orc:2    | Gained mutation: You have supernaturally acute eyesight.
                  | (SInv) [potion of mutation]
 25450 | Orc:2    | Upgraded the game from 0.30-a0-12-gd8047c6 to
                  | 0.30-a0-23-ge60ba35
 25611 | D:10     | Entered Level 10 of the Dungeon
 25920 | D:10     | Found a runed translucent door.
 25921 | D:10     | Identified the +7 trident of the Morning {pain, *Slow Str+3
                  | SInv}
 25926 | D:10     | Noticed porkupine's ghost (journeyman DsNe)
 26021 | D:10     | Found a shadowy altar of Dithmenos.
 26813 | D:11     | Identified the +7 dagger of Capital Punishment {vamp, rC+}
 26965 | D:11     | Reached XP level 15. HP: 115/115 MP: 28/28
 27035 | D:11     | Reached skill level 1 in Stealth
 27043 | D:11     | Identified the +1 war axe "Cobril" {holy, Int+2} (Okawaru
                  | gifted it to you on level 11 of the Dungeon)
 27043 | D:11     | Received a gift from Okawaru
 27107 | D:11     | Identified a scroll of acquirement
 27107 | D:11     | Acquired a +0 pair of gloves of dexterity
 27838 | D:12     | Noticed Urug
 27854 | D:12     | Killed Urug
 28308 | D:12     | Reached skill level 15 in Unarmed Combat
 28621 | D:12     | Reached skill level 10 in Fighting
 29803 | D:13     | Identified the +2 pair of gloves "Uprufe" {Regen+} (Okawaru
                  | gifted it to you on level 13 of the Dungeon)
 29803 | D:13     | Received a gift from Okawaru
 30038 | D:13     | Identified the +0 pair of gloves of the Shifting Gods
                  | {Rampage rF+ Will+ Dex+2}
 30373 | D:13     | Reached skill level 17 in Transmutations
 31827 | D:14     | Found a gate to the Vaults.
 32115 | D:14     | Found Cicsua's Jewellery Shop.
 32547 | D:15     | Entered Level 15 of the Dungeon
 33142 | Shoals:1 | Entered Level 1 of the Shoals
 34268 | Shoals:1 | Noticed a kraken
 34465 | Shoals:2 | Learned a level 5 spell: Irradiate
 34632 | Shoals:2 | Identified the -1 pair of boots of the Circus Animal {Harm
                  | rElec rF+++ Stlth-} (Okawaru gifted it to you on level 2 of
                  | the Shoals)
 34632 | Shoals:2 | Received a gift from Okawaru
 34633 | Shoals:2 | Reached XP level 16. HP: 123/123 MP: 30/30
 34642 | Shoals:2 | Reached skill level 1 in Conjurations
 35263 | Orc:2    | Bought an amulet of reflection for 450 gold pieces
 35750 | Shoals:2 | Found a large runed translucent door.
 35751 | Shoals:2 | Found a large runed translucent door.
 37041 | Shoals:3 | Reached skill level 5 in Stealth
 37718 | Shoals:2 | Noticed omnom's ghost (adept KoEn)
 37876 | Shoals:3 | Found a runed translucent door.
 37877 | Shoals:3 | Found a shimmering altar of Xom.
 37877 | Shoals:3 | Noticed Lyxom's ghost (adept TrFi)
 38428 | Shoals:3 | Found Caiforod's Island Escapes.
 38436 | Shoals:3 | Bought a scroll of blinking for 142 gold pieces
 38436 | Shoals:3 | Bought a scroll of teleportation for 57 gold pieces
 38436 | Shoals:3 | Bought a potion of invisibility for 152 gold pieces
 38436 | Shoals:3 | Bought a potion of haste for 190 gold pieces
 38436 | Shoals:3 | Bought a potion of haste for 190 gold pieces
 38497 | Shoals:3 | Reached skill level 18 in Transmutations
 38957 | Spider:1 | Entered Level 1 of the Spider Nest
 39153 | Spider:1 | HP: 4/148 [entropy weaver (14)]
 39153 | Spider:1 | Mangled by an entropy weaver

Illustrated notes

Levels and vault maps discovered:
D:1:      onia_arrival_pyramid, layout_basic
D:2:      layout_basic, dilly_ecumenical_altar_fadedgnrine
D:3:      layout_loops_ring, minmay_misc_feat_hallway, uniq_natasha,
          uniq_grinder
D:4:      layout_basic, minmay_temple_entry_nine_rooms,
          kennysheep_big_empty_room
D:5:      layout_basic, nicolae_elevator_lobby_asterisk
D:6:      layout_basic, grunt_temple_overflow_cloverleaf,
          nicolae_shop_overcharged_wands
D:7:      layout_basic
D:8:      layout_rooms, erik_lair_island, minmay_misc_feat_doors
D:9:      layout_roguey, david_orc_4, amethyst_killhole, uniq_harold,
          uniq_prince_ribbit1, uniq_pikel
D:10:     layout_roguey, grunt_dithmenos_smoke, ebering_ghost_funeral_grove,
          serial_ice, serial_ice_g, serial_ice_l, serial_ice_c, serial_ice_f
D:11:     layout_roguey, special_room [special_room_bee], billiards_dpeg
D:12:     minmay_curly_fans, layout_loops_corners, uniq_urug
D:13:     layout_long_grid
D:14:     layout_stronghold, erik_vaults_1, nicolae_wwwww, serial_shops,
          nicolae_inconvenience_store, lemuel_flamethrower_2
D:15:     grunt_enter_depths_magical_seal, layout_gridville,
          hangedman_decor_growths, roderic_st_hans_cross
Temple:   hellmonk_temple_divided_pantheon
Lair:1:   layout_small_grid, basic_altar, nicolae_lair_lindhole
Lair:2:   regret_index_wax_grids, layout_cave_pods, gauntlet_entry_generic,
          serial_bayou_shore_a, uniq_nergalle
Lair:3:   layout_small_grid, elwin_shoals_entry_rocks, spider_nest_entry_a
Lair:4:   layout_regular_city, minivault_26, infiniplex_staircase_pool,
          grunt_megastairs_3, lemuel_fruit_tree
Lair:5:   grunt_lair_end_beastmaster, layout_cave_pods,
          minmay_slime_entry_pillars, serial_bayou_shore_b, grunt_megastairs_1,
          lemuel_fruit_fields
Shoals:1: layout_shoals, nicolae_shoals_lost_giant_baths
Shoals:2: layout_shoals, ebering_ghost_disaster_area
Shoals:3: layout_shoals, ebering_ghost_xom, nicolae_island_escapes
Spider:1: layout_chambers
Orc:1:    layout_caves, portal_ice_cave_entry_ice_simulacra
Orc:2:    st_orc_congregation, layout_caves, nicolae_shop_gadgets

Skill      XL: |  1  2  3  4  5  6  7  8  9 10 11 12 13 14 15 16 |
---------------+-------------------------------------------------+-----
Transmutations | 3 4 5 6 8 9 11 12 13 14 16 17 18 | 18.0
Poison Magic   | 1 2 3 4 |  4.0
Unarmed Combat | 4 5 6 7 8 10 11 12 13 14 15 16 | 16.1
Spellcasting   | 3 4 5 6 7 |  7.9
Ice Magic      | 1 3 4 5 |  5.0
Fighting       | 3 4 5 6 7 8 9 10 | 10.8
Dodging        | 3 5 6 8 9 10 11 12 | 12.0
Armour         | 2 3 4 5 6 |  6.8
Invocations    | 3 4 6 7 8 |  8.9
Evocations     | 2 4 |  4.0
Stealth        | 4 5 |  5.0
Conjurations   | 2 |  2.9

Action                   |  1- 3 |  4- 6 |  7- 9 | 10-12 | 13-15 | 16-18 || total
-------------------------+-------+-------+-------+-------+-------+-------++-------
Melee: Unarmed           |   128 |   174 |   344 |   476 |   998 |   183 ||  2303
       Headbutt          |    11 |    21 |    27 |     8 |   112 |    52 ||   231
       Punch             |     1 |     4 |    11 |    15 |    89 |    18 ||   138
       Tailslap          |       |       |       |       |    39 |    23 ||    62
Throw: Boomerang         |       |       |       |       |     3 |     5 ||     8
 Cast: Beastly Appendage |    26 |    19 |    21 |     8 |     3 |       ||    77
       Spider Form       |     1 |    10 |    16 |     2 |     2 |       ||    31
       Wereblood         |       |     7 |    13 |    22 |    34 |       ||    76
       Ice Form          |       |       |     6 |    18 |    17 |     2 ||    43
       Blade Hands       |       |       |     1 |    23 |    88 |    22 ||   134
Invok: Heroism           |       |       |       |     5 |     2 |       ||     7
       Finesse           |       |       |       |     1 |     2 |       ||     3
 Abil: End Transformatio |       |       |     1 |     1 |     1 |     1 ||     4
Evoke: Wand              |       |       |       |     2 |     1 |       ||     3
  Use: Potion            |     3 |     2 |     3 |     3 |     5 |     1 ||    17
       Scroll            |       |       |    19 |     5 |     9 |     3 ||    36
 Stab: Sleeping          |     1 |       |     1 |     3 |     8 |     4 ||    17
       Petrified         |       |       |       |       |     3 |       ||     3
Armor: Robe              |    19 |    14 |    38 |       |       |       ||    71
       Skin              |     1 |     2 |    32 |    81 |    40 |     3 ||   159
       Acid dragon scale |       |       |     5 |    72 |   143 |    25 ||   245
Dodge: Dodged            |    58 |   105 |   249 |   331 |   666 |   126 ||  1535
Block: Other             |       |       |       |       |       |    35 ||    35
       Reflection        |       |       |       |       |       |     4 ||     4

Table legend: (Time is in decaauts)
 A = Elapsed time spent in this place.
 B = Non-inter-level travel time spent in this place.
 C = Inter-level travel time spent in this place.
 D = Time resting spent in this place.
 E = Time spent auto-exploring this place.
 F = Levels seen in this place.
 G = Mean time per level.
                   A        B        C        D        E       F      G
               +--------+--------+--------+--------+--------+-----+--------+
         Total |  38116 |  35693 |   2423 |  12354 |  14585 |  28 | 1361.3 |
       Dungeon |  20074 |  18763 |   1311 |   6178 |   9011 |  15 | 1338.3 |
        Temple |     49 |     35 |     14 |      0 |      0 |   1 |   49.0 |
          Lair |   9430 |   8745 |    685 |   2462 |   3636 |   5 | 1886.0 |
        Shoals |   4482 |   4243 |    239 |   2046 |    987 |   3 | 1494.0 |
   Spider Nest |    189 |    189 |      0 |     44 |     93 |   1 |  189.0 |
  Orcish Mines |   2858 |   2685 |    173 |    985 |    763 |   2 | 1429.0 |
      Gauntlet |   1030 |   1030 |      0 |    638 |     93 |   1 | 1030.0 |
               +--------+--------+--------+--------+--------+-----+--------+

Top non-repeatable levels by time:
  Lair:5: 2273 daAuts
    D:14: 2264 daAuts
  Lair:2: 2097 daAuts
     D:9: 1990 daAuts
Shoals:2: 1960 daAuts
  Lair:3: 1884 daAuts
    D:12: 1846 daAuts
     D:4: 1770 daAuts
   Orc:2: 1738 daAuts
  Lair:4: 1680 daAuts
     D:7: 1590 daAuts
     D:1: 1582 daAuts
Shoals:1: 1578 daAuts
  Lair:1: 1493 daAuts
     D:6: 1421 daAuts
